TOP OF THE 1ST |
Daytona Beach Islanders batting - Pitching for Tampa Pirates : RHP Derek Botelho
|
Pitching: RHP Derek Botelho
|
|
Batting: SHB Michael Frierson
|
0-0: Swinging Strike 0-1: Ball 1-1: Ground out 5-3 (Groundball, 56S, EV 67.5 MPH)
|
Batting: RHB Kalvin Adams
|
0-0: Ball 1-0: Ball 2-0: Ball 3-0: Base on Balls
|
Batting: SHB Randle Granger
|
0-0: Ball 1-0: Ball 2-0: Foul Ball, location: 2F 2-1: Called Strike 2-2: Ball 3-2: Foul Ball, location: 2F 3-2: Fielders Choice at 2nd, 6-4 (Groundball, 6, EV 90.0 MPH)
|
Batting: RHB Steven Houlberg
|
0-0: Swinging Strike 0-1: Foul Ball, location: 2F 0-2: Ball 1-2: Ball Randle Granger steals 2nd base 2-2: Strikes out swinging
|
Top of the 1st over - 0 runs, 0 hits, 0 errors, 1 left on base; Daytona Beach 0 - Tampa 0 |
BOTTOM OF THE 1ST |
Tampa Pirates batting - Pitching for Daytona Beach Islanders : RHP Michael Moore
|
Pitching: RHP Michael Moore
|
|
Batting: RHB Charles Jennings
|
0-0: Ball 1-0: Ball 2-0: Ball 3-0: Called Strike 3-1: Base on Balls
|
Batting: RHB Ricky Jones
|
0-0: Ball Charles Jennings steals 2nd base 1-0: Ground out 5-3 (Groundball, 5, EV 86.9 MPH)
|
Batting: LHB Pedro Nunez
|
0-0: Ground out 4-3 (Groundball, 4D, EV 80.0 MPH) Charles Jennings to third
|
Batting: RHB Roy Wolfe
|
0-0: Ground out 6-3 (Groundball, 6, EV 91.3 MPH)
|
Bottom of the 1st over - 0 runs, 0 hits, 0 errors, 1 left on base; Daytona Beach 0 - Tampa 0 |
TOP OF THE 2ND |
Daytona Beach Islanders batting - Pitching for Tampa Pirates : RHP Derek Botelho
|
Batting: RHB Michael Lavery
|
0-0: Called Strike 0-1: Ball 1-1: Foul Ball, location: 2F 1-2: Strikes out swinging
|
Batting: RHB Steven Roberts
|
0-0: Fly out, F3 (Popup, 3SF, EV 82.5 MPH)
|
Batting: RHB Francisco Gonzalez
|
0-0: Ball 1-0: Called Strike 1-1: Called Strike 1-2: Foul Ball, location: 2F 1-2: Ball 2-2: Foul Ball, location: 2F 2-2: Ball 3-2: Foul Ball, location: 2F 3-2: Base on Balls
|
Batting: RHB Jeffrey Coker
|
0-0: Ball 1-0: Ball 2-0: Called Strike 2-1: Foul Ball, location: 2F 2-2: Foul Ball, location: 2F 2-2: Ball 3-2: Fly out, F9 (Flyball, 89D, EV 103.8 MPH)
|
Top of the 2nd over - 0 runs, 0 hits, 0 errors, 1 left on base; Daytona Beach 0 - Tampa 0 |
BOTTOM OF THE 2ND |
Tampa Pirates batting - Pitching for Daytona Beach Islanders : RHP Michael Moore
|
Batting: LHB David Frederick
|
0-0: Fly out, F8 (Flyball, 8RD, EV 98.8 MPH)
|
Pitching: RHP Randall Rambis
|
|
Batting: LHB Alfredo Rodriguez
|
0-0: Swinging Strike 0-1: Ball 1-1: Ground out 4-3 (Groundball, 4, EV 85.0 MPH)
|
Batting: RHB James Padula
|
0-0: Ball 1-0: Ball 2-0: Ball 3-0: Base on Balls
|
Batting: RHB Erwin Bryant
|
0-0: Called Strike 0-1: Ball 1-1: Called Strike 1-2: Fielders Choice at 2nd, 6-4 (Groundball, 6, EV 103.1 MPH)
|
Bottom of the 2nd over - 0 runs, 0 hits, 0 errors, 1 left on base; Daytona Beach 0 - Tampa 0 |
TOP OF THE 3RD |
Daytona Beach Islanders batting - Pitching for Tampa Pirates : RHP Derek Botelho
|
Batting: RHB Robert Whitfield
|
0-0: Ball 1-0: Ball 2-0: Swinging Strike 2-1: Foul Ball, location: 2F 2-2: Ball 3-2: Base on Balls
|
Batting: SHB Michael Frierson
|
0-0: Called Strike 0-1: Ball 1-1: Ball 2-1: Swinging Strike 2-2: Ball 3-2: Foul Ball, location: 2F 3-2: Base on Balls Robert Whitfield to second
|
Batting: RHB Kalvin Adams
|
0-0: Called Strike 0-1: Ball 1-1: Ball 2-1: Swinging Strike 2-2: Foul Ball, location: 2F 2-2: Grounds into double play, 5-4-3 (Groundball, 56, EV 88.1 MPH) Robert Whitfield to third
|
Batting: SHB Randle Granger
|
0-0: SINGLE (Groundball, 3S, EV 71.9 MPH) (infield hit) Robert Whitfield scores
|
Batting: RHB Steven Houlberg
|
0-0: Called Strike Randle Granger steals 2nd base 0-1: Called Strike 0-2: Ball 1-2: Ball 2-2: Ball 3-2: Base on Balls
|
Batting: RHB Michael Lavery
|
0-0: Ball 1-0: Ball 2-0: Foul Ball, location: 2F 2-1: SINGLE (Groundball, 56D, EV 101.9 MPH) Randle Granger to third Steven Houlberg to second Runner from 3rd tries for Home, SAFE, throw by LF to home
|
Batting: RHB Steven Roberts
|
0-0: SINGLE (Groundball, 56D, EV 97.5 MPH) Steven Houlberg to third Michael Lavery to second Runner from 3rd tries for Home, SAFE, throw by LF to home
|
Batting: RHB Francisco Gonzalez
|
0-0: Foul Ball, location: 2F 0-1: Ball 1-1: Ball 2-1: Ground out 6-3 (Groundball, 6MS, EV 85.0 MPH)
|
Top of the 3rd over - 3 runs, 3 hits, 0 errors, 2 left on base; Daytona Beach 3 - Tampa 0 |
BOTTOM OF THE 3RD |
Tampa Pirates batting - Pitching for Daytona Beach Islanders : RHP Randall Rambis
|
Batting: RHB Roy Dixon
|
0-0: Ball 1-0: Ball 2-0: Ball 3-0: Base on Balls
|
Batting: RHB Charles Jennings
|
0-0: Fly out, F8 (Flyball, 78D, EV 80.0 MPH)
|
Batting: RHB Ricky Jones
|
0-0: Ball Roy Dixon steals 2nd base 1-0: Called Strike 1-1: Swinging Strike 1-2: Foul Ball, location: 2F 1-2: Strikes out looking
|
Batting: LHB Pedro Nunez
|
0-0: Called Strike 0-1: Ball 1-1: SINGLE (Line Drive, 8RS, EV 106.9 MPH) Roy Dixon to third Runner from 3rd tries for Home, SAFE, throw by CF to home Pedro Nunez to second
|
Batting: RHB Roy Wolfe
|
0-0: Ball 1-0: Swinging Strike 1-1: Ball 2-1: Fly out, F8 (Flyball, 8LM, EV 80.0 MPH)
|
Bottom of the 3rd over - 1 run, 1 hit, 0 errors, 1 left on base; Daytona Beach 3 - Tampa 1 |
TOP OF THE 4TH |
Daytona Beach Islanders batting - Pitching for Tampa Pirates : RHP Derek Botelho
|
Batting: RHB Jeffrey Coker
|
0-0: Fly out, F3 (Popup, 3, EV 64.4 MPH)
|
Batting: RHB Robert Whitfield
|
0-0: Called Strike 0-1: Foul Ball, location: 2F 0-2: SINGLE (Groundball, 56S, EV 71.9 MPH) (infield hit)
|
Batting: SHB Michael Frierson
|
0-0: Called Strike 0-1: Ball 1-1: Called Strike 1-2: Strikes out swinging
|
Batting: RHB Kalvin Adams
|
0-0: Fielders Choice at 2nd, 5-4 (Groundball, 56, EV 101.9 MPH)
|
Top of the 4th over - 0 runs, 1 hit, 0 errors, 1 left on base; Daytona Beach 3 - Tampa 1 |
BOTTOM OF THE 4TH |
Tampa Pirates batting - Pitching for Daytona Beach Islanders : RHP Randall Rambis
|
Batting: LHB David Frederick
|
0-0: Ball 1-0: Fly out, F4 (Flyball, 34D, EV 86.3 MPH)
|
Batting: LHB Alfredo Rodriguez
|
0-0: Ball 1-0: Ball 2-0: Ball 3-0: Base on Balls
|
Batting: RHB James Padula
|
0-0: Ball 1-0: Ball 2-0: Grounds into double play, 4-6-3 (Groundball, 4, EV 83.8 MPH)
|
Bottom of the 4th over - 0 runs, 0 hits, 0 errors, 0 left on base; Daytona Beach 3 - Tampa 1 |
TOP OF THE 5TH |
Daytona Beach Islanders batting - Pitching for Tampa Pirates : RHP Derek Botelho
|
Batting: SHB Randle Granger
|
0-0: Ball 1-0: Called Strike 1-1: Ball 2-1: Ball 3-1: Foul Ball, location: 2F 3-2: Strikes out looking
|
Batting: RHB Steven Houlberg
|
0-0: Ball 1-0: Ball 2-0: Ground out 4-3 (Groundball, 4, EV 103.8 MPH)
|
Batting: RHB Michael Lavery
|
0-0: Ball 1-0: Ball 2-0: Foul Ball, location: 2F 2-1: Ball 3-1: Foul Ball, location: 2F 3-2: Strikes out swinging
|
Top of the 5th over - 0 runs, 0 hits, 0 errors, 0 left on base; Daytona Beach 3 - Tampa 1 |
BOTTOM OF THE 5TH |
Tampa Pirates batting - Pitching for Daytona Beach Islanders : RHP Randall Rambis
|
Batting: RHB Erwin Bryant
|
0-0: SINGLE (Line Drive, 9S, EV 111.9 MPH)
|
Batting: RHB Roy Dixon
|
0-0: Fly out, F7 (Flyball, 7LM, EV 87.5 MPH)
|
Batting: RHB Charles Jennings
|
0-0: Foul Ball, location: 2F 0-1: Ball 1-1: Foul Ball, location: 2F 1-2: Strikes out swinging
|
Batting: RHB Ricky Jones
|
0-0: Ball 1-0: Fly out, F9 (Flyball, 9LM, EV 91.3 MPH)
|
Bottom of the 5th over - 0 runs, 1 hit, 0 errors, 1 left on base; Daytona Beach 3 - Tampa 1 |
TOP OF THE 6TH |
Daytona Beach Islanders batting - Pitching for Tampa Pirates : RHP Derek Botelho
|
Batting: RHB Steven Roberts
|
0-0: Called Strike 0-1: Ball 1-1: Ball 2-1: Ground out 4-3 (Groundball, 4, EV 85.0 MPH)
|
Batting: RHB Francisco Gonzalez
|
0-0: Called Strike 0-1: SINGLE (Groundball, 56D, EV 93.8 MPH)
|
Batting: RHB Jeffrey Coker
|
0-0: Called Strike 0-1: Ball 1-1: Ball 2-1: Ball 3-1: Called Strike 3-2: Foul Ball, location: 2F 3-2: Strikes out looking
|
Batting: RHB Robert Whitfield
|
0-0: Ball 1-0: Swinging Strike 1-1: Ground out 1-3 (Groundball, 13S, EV 75.6 MPH)
|
Top of the 6th over - 0 runs, 1 hit, 0 errors, 1 left on base; Daytona Beach 3 - Tampa 1 |
BOTTOM OF THE 6TH |
Tampa Pirates batting - Pitching for Daytona Beach Islanders : RHP Randall Rambis
|
Batting: LHB Pedro Nunez
|
0-0: Swinging Strike 0-1: Foul Ball, location: 2F 0-2: Foul Ball, location: 2F 0-2: Foul Ball, location: 2F 0-2: Ball 1-2: DOUBLE (Line Drive, 9LS, EV 101.9 MPH)
|
Pitching: RHP Thad Troedson
|
|
Batting: RHB Roy Wolfe
|
0-0: Foul Ball, location: 2F 0-1: Fly out, F7 (Flyball, 78S, EV 83.8 MPH)
|
Batting: LHB David Frederick
|
0-0: Ball 1-0: Ball 2-0: Called Strike 2-1: Ground out 6-3 (Groundball, 6, EV 88.8 MPH)
|
Batting: LHB Alfredo Rodriguez
|
0-0: Ball 1-0: Ball 2-0: Ball 3-0: Base on Balls
|
Batting: RHB James Padula
|
0-0: Ball 1-0: Called Strike 1-1: Foul Ball, location: 2F 1-2: Foul Ball, location: 2F 1-2: Ball 2-2: Ball 3-2: Fly out, F8 (Line Drive, 8RD, EV 94.4 MPH)
|
Bottom of the 6th over - 0 runs, 1 hit, 0 errors, 2 left on base; Daytona Beach 3 - Tampa 1 |
TOP OF THE 7TH |
Daytona Beach Islanders batting - Pitching for Tampa Pirates : RHP Derek Botelho
|
Batting: SHB Michael Frierson
|
0-0: Called Strike 0-1: Ball 1-1: Ball 2-1: Ground out 5-3 (Groundball, 5S, EV 65.6 MPH)
|
Batting: RHB Kalvin Adams
|
0-0: Called Strike 0-1: Ground out 4-3 (Groundball, 4, EV 101.9 MPH)
|
Batting: SHB Randle Granger
|
0-0: Called Strike 0-1: Foul Ball, location: 2F 0-2: Ground out 6-3 (Groundball, 6, EV 86.3 MPH)
|
Top of the 7th over - 0 runs, 0 hits, 0 errors, 0 left on base; Daytona Beach 3 - Tampa 1 |
BOTTOM OF THE 7TH |
Tampa Pirates batting - Pitching for Daytona Beach Islanders : RHP Thad Troedson
|
Batting: RHB Erwin Bryant
|
0-0: Ball 1-0: Called Strike 1-1: Ball 2-1: Swinging Strike 2-2: Ball 3-2: Strikes out swinging
|
Batting: RHB Roy Dixon
|
0-0: Foul Ball, location: 2F 0-1: Called Strike 0-2: Ground out 4-3 (Groundball, 4, EV 84.4 MPH)
|
Batting: RHB Charles Jennings
|
0-0: Foul Ball, location: 2F 0-1: Foul Ball, location: 2F 0-2: Ball 1-2: Fly out, F9 (Line Drive, 9, EV 106.9 MPH)
|
Bottom of the 7th over - 0 runs, 0 hits, 0 errors, 0 left on base; Daytona Beach 3 - Tampa 1 |
TOP OF THE 8TH |
Daytona Beach Islanders batting - Pitching for Tampa Pirates : RHP Derek Botelho
|
Pitching: LHP Steven Lerner
|
|
Batting: RHB Steven Houlberg
|
0-0: Ball 1-0: Ball 2-0: Called Strike 2-1: Fly out, F7 (Flyball, 78M, EV 82.5 MPH)
|
Batting: RHB Michael Lavery
|
0-0: Called Strike 0-1: Ball 1-1: Swinging Strike 1-2: Ground out 1-3 (Groundball, 34S, EV 63.8 MPH)
|
Batting: RHB Steven Roberts
|
0-0: Called Strike 0-1: Ball 1-1: Swinging Strike 1-2: Ball 2-2: Foul Ball, location: 2F 2-2: Ball 3-2: Base on Balls
|
Batting: RHB Francisco Gonzalez
|
0-0: Ground out 4-3 (Groundball, 4, EV 86.3 MPH)
|
Top of the 8th over - 0 runs, 0 hits, 0 errors, 1 left on base; Daytona Beach 3 - Tampa 1 |
BOTTOM OF THE 8TH |
Tampa Pirates batting - Pitching for Daytona Beach Islanders : RHP Thad Troedson
|
Now at 1B: Tarry Boelter
|
|
Batting: RHB Ricky Jones
|
0-0: Ball 1-0: Ball 2-0: Called Strike 2-1: Swinging Strike 2-2: Ground out 6-3 (Groundball, 6, EV 81.9 MPH)
|
Batting: LHB Pedro Nunez
|
0-0: DOUBLE (Line Drive, 89D, EV 106.9 MPH)
|
Batting: RHB Roy Wolfe
|
0-0: Ground out 5-3 (Groundball, 5S, EV 87.5 MPH)
|
Batting: LHB David Frederick
|
0-0: Fly out, F8 (Flyball, 78M, EV 90.6 MPH)
|
Bottom of the 8th over - 0 runs, 1 hit, 0 errors, 1 left on base; Daytona Beach 3 - Tampa 1 |
TOP OF THE 9TH |
Daytona Beach Islanders batting - Pitching for Tampa Pirates : LHP Steven Lerner
|
Batting: RHB Jeffrey Coker
|
0-0: Called Strike 0-1: Foul Ball, location: 2F 0-2: Fly out, F3 (Popup, 3SF, EV 84.4 MPH)
|
Batting: RHB Robert Whitfield
|
0-0: Ground out 4-3 (Groundball, 34, EV 79.4 MPH)
|
Batting: SHB Michael Frierson
|
0-0: Called Strike 0-1: Called Strike 0-2: Ball 1-2: Foul Ball, location: 2F 1-2: Foul Ball, location: 2F 1-2: Ball 2-2: Foul Ball, location: 2F 2-2: Strikes out looking
|
Top of the 9th over - 0 runs, 0 hits, 0 errors, 0 left on base; Daytona Beach 3 - Tampa 1 |
BOTTOM OF THE 9TH |
Tampa Pirates batting - Pitching for Daytona Beach Islanders : RHP Thad Troedson
|
Pitching: LHP Richard Ford
|
|
Batting: LHB Alfredo Rodriguez
|
0-0: Called Strike 0-1: Swinging Strike 0-2: Ball 1-2: Fly out, F6 (Flyball, 56D, EV 82.5 MPH)
|
Batting: RHB James Padula
|
0-0: Called Strike 0-1: Ball 1-1: Swinging Strike 1-2: Foul Ball, location: 2F 1-2: Fly out, F8 (Flyball, 89D, EV 102.5 MPH)
|
Batting: RHB Erwin Bryant
|
0-0: Called Strike 0-1: Ball 1-1: Fly out, F9 (Flyball, 9S, EV 83.1 MPH)
|
Bottom of the 9th over - 0 runs, 0 hits, 0 errors, 0 left on base; Daytona Beach 3 - Tampa 1 |
|